AoeStats
← Dougladhnn

Coastal Forest

503684087Analyzed
4v4 RM · 1mo ago on Sep 1, 2026· 23m 53s· 8 players
Game mode
Random Map
Map size
Large (8 player)
Population
200
Speed
Normal
Resources
Standard
Victory
Conquest
Starting age
Dark Age
Ending age
Imperial Age
RankedLock teamsTeams togetherTeam positionsShared explorationLock speedFull tech treeHidden civsTurbo modeCheats
Victory
Defeat
🇲🇽 Gurjaras · Mexico
954
+15
🇮🇳 Goths · India
902
+18
🇺🇸 Sicilians · United States
844
+20
🇨🇳 Magyars · China
833
+21
🇷🇴 Tatars · Romania
1010
-22
🇺🇸 Khmer · United States
988
-21
🇧🇷 Wei · Brazil
965
-20
🇧🇷 Celts · Brazil
790
-12
Roarindragon381
0:50 Loom
14:37 Feudal Age
14:50 Man-at-Arms
17:09 Forging
17:00 Scale Mail Armor
Canek
7:42 Loom
11:06 Feudal Age
18:53 Castle Age
18:51 Gold Mining
18:44 Horse Collar
18:56 Double-Bit Axe
23:46 Husbandry
24:17 Scale Barding Armor
theodb
7:49 Loom
10:10 Feudal Age
11:31 Wheelbarrow
10:54 Double-Bit Axe
11:44 Town Watch
19:03 Horse Collar
21:29 Castle Age
19:24 Gold Mining
19:56 Arson
20:37 Forging
20:28 Scale Mail Armor
20:46 Scale Mail Armor
21:09 Fletching
chentao_1209
12:01 Feudal Age
17:26 Castle Age
16:05 Double-Bit Axe
16:58 Horse Collar
18:03 Wheelbarrow
Nielu256
12:26 Feudal Age
13:20 Double-Bit Axe
13:37 Fishing Lines
15:52 Wheelbarrow
18:34 Castle Age
16:20 Loom
16:21 Town Watch
16:30 Horse Collar
17:13 Gold Mining
19:16 Fletching
20:17 Medium Warships
19:39 Crossbowman
20:45 Bow Saw
21:26 Gillnets
22:31 Hand Cart
thenewt7
0:53 Loom
12:01 Feudal Age
12:36 Double-Bit Axe
12:35 Horse Collar
19:55 Castle Age
20:52 Fletching
21:04 Padded Archer Armor
21:01 Crossbowman
Dougladhnn
14:57 Feudal Age
15:37 Horse Collar
15:44 Double-Bit Axe
15:44 Fishing Lines
17:00 Wheelbarrow
16:20 Gold Mining
16:20 Stone Mining
19:24 Town Watch
22:18 Castle Age
23:13 Heavy Plow
23:24 Bow Saw
Cutin Mele
2:07 Loom
11:08 Feudal Age
11:57 Double-Bit Axe
12:00 Horse Collar
14:30 Gold Mining
16:54 Wheelbarrow
20:46 Castle Age
Connection lost

Rejoining the realm…

Still unreachable

The connection could not be restored.

Session expired

The server has moved on; the page needs a fresh start.